 Dungeon Crawl Stone Soup version 0.24.0-37-gcf1ca852f1 (webtiles) character file.

Game seed: 3235306729481805419, levelgen mode: deterministic

1 FessEmpty the Magician (level 1, 0/16 HPs)
             Began as a Demonspawn Wanderer on Dec 6, 2019.
             Slain by a rat (2 damage)
             ... on level 1 of the Dungeon.
             The game lasted 00:01:13 (91 turns).

FessEmpty the Magician (Demonspawn Wanderer)          Turns: 91, Time: 00:01:14

Health: 0/16       AC:  2    Str: 10    XL:     1   Next: 16%
Magic:  4/4        EV: 11    Int: 15    God:
Gold:   0          SH:  0    Dex: 12    Spells: 5/6 levels left

rFire    . . .     SeeInvis .   a - +0 dagger
rCold    . . .     Gourm    .   (no shield)
rNeg     . . .     Faith    .   d - +0 robe
rPois    .         Spirit   .   (no helmet)
rElec    .         Reflect  .   b - scarf {repulsion}
rCorr    .         Harm     .   (no gloves)
MR       .....                  (no boots)
Stlth    ++........             (no amulet)
HPRegen  0.05/turn              (no ring)
MPRegen  0.09/turn              (no ring)

@: repel missiles
A: no striking features
a: no special abilities


You were on level 1 of the Dungeon.
You were not hungry.

You visited 1 branch of the dungeon, and saw 1 of its levels.

Inventory:

Hand Weapons
 a - a +0 dagger (weapon)
Armour
 b - a scarf of repulsion (worn)
 d - a +0 robe (worn)
 e - a +0 shield
Comestibles
 f - a ration


   Skills:
 - Level 2.0 Fighting
 - Level 1.0 Stealth
 + Level 1.1 Shields
 - Level 3.0 Spellcasting
   Level 1.7 Transmutations
   Level 1.0 Evocations


You had 5 spell levels left.
You knew the following spells:

 Your Spells              Type           Power        Failure   Level  Hunger
a - Sandblast             Erth           #.....       21%         1    #......

Your spell library contained the following spells:

 Spells                   Type           Power        Failure   Level  Hunger
 Stone Arrow              Conj/Erth      #.....       52%         3    ###....


Dungeon Overview and Level Annotations

Branches:
Dungeon (1/15)

Altars:


Message History

Welcome, FessEmpty the Demonspawn Wanderer.
Will you prevail where others failed? Will you find the Orb of Zot?
Press ? for a list of commands and other information.
Found a staircase leading out of the dungeon.
You begin with the following items: a +0 dagger, a +0 robe, a +0 shield, a ration; and the following spell memorised: Sandblast; and the following spells available to memorise: Stone Arrow.
Okay, then.
Okay, then.
As you open the door, it creaks loudly!
Found a glowing scarf.
There is an open door here.
You see here a glowing scarf.
b - a glowing scarf You start putting on your armour.
You continue putting on your glowing scarf. x4
You finish putting on your scarf of repulsion.
You are surrounded by a repulsion field.
There is an open door here.
You open the door.
There is an open door here.
A rat comes into view.
Found a scroll labeled XYFOADEAZI.
A giant cockroach comes into view.
Found a stone staircase leading down.
You completely miss the rat. The rat bites you.
You hit the rat.
The rat is moderately wounded.
The rat bites you.
You hit the rat but do no damage.
The rat is moderately wounded.
The rat barely misses you.
The giant cockroach bites you but does no damage.
You hit the giant cockroach but do no damage.
The giant cockroach bites you.
You hit the giant cockroach but do no damage.
You block the giant cockroach's attack.
You barely miss the giant cockroach. You block the giant cockroach's attack.
The giant cockroach closely misses you.
You hit the giant cockroach.
The giant cockroach is severely wounded.
The giant cockroach bites you.
You hit the giant cockroach but do no damage.
The giant cockroach is severely wounded.
The giant cockroach completely misses you.
You closely miss the giant cockroach.
The giant cockroach is severely wounded.
The giant cockroach barely misses you.
You closely miss the giant cockroach.
The giant cockroach is severely wounded.
The giant cockroach bites you.
The giant cockroach bites you but does no damage.
You hit the giant cockroach but do no damage.
The giant cockroach is heavily wounded.
The giant cockroach barely misses you.
Your shield prevents you from hitting the giant cockroach.
The giant cockroach is heavily wounded.
You block the giant cockroach's attack.
You closely miss the giant cockroach.
The giant cockroach is heavily wounded.
The giant cockroach barely misses you.
The giant cockroach bites you but does no damage.
You closely miss the giant cockroach.
The giant cockroach is heavily wounded.
The giant cockroach bites you but does no damage.
You hit the giant cockroach but do no damage.
The giant cockroach is heavily wounded.
The giant cockroach barely misses you.
You closely miss the giant cockroach.
The giant cockroach is heavily wounded.
The giant cockroach barely misses you.
The giant cockroach bites you but does no damage.
You hit the giant cockroach but do no damage.
The giant cockroach is heavily wounded.
The giant cockroach closely misses you.
You hit the giant cockroach but do no damage.
The giant cockroach is heavily wounded.
The giant cockroach waves its antennae.
The giant cockroach closely misses you. The giant cockroach barely misses you.
You hit the giant cockroach but do no damage.
The giant cockroach is heavily wounded.
The giant cockroach barely misses you.
Take off which item? (? for menu, Esc to quit)
The giant cockroach bites you.
Keep disrobing?
You start removing your armour.
You continue taking off your +0 shield.
You block the giant cockroach's attack.
You continue taking off your +0 shield.
The giant cockroach completely misses you.
The giant cockroach bites you.
You continue taking off your +0 shield.
The giant cockroach bites you.
You continue taking off your +0 shield.
The giant cockroach barely misses you.
You finish taking off your +0 shield.
Casting: Sandblast (safe; 21% risk of failure)
Confirm with . or Enter, or press ? or * to list all spells.
Aiming: Sandblast (safe; 21% risk of failure)
Press: ? - help, Shift-Dir - straight line, f - giant cockroach
Aim: a giant cockroach (heavily wounded, clinging)
You don't have any stones to cast with.
Casting: Sandblast (safe; 21% risk of failure)
Confirm with . or Enter, or press ? or * to list all spells.
Aiming: Sandblast (safe; 21% risk of failure)
Press: ? - help, Shift-Dir - straight line, f/p - giant cockroach
Aim: a giant cockroach (heavily wounded, clinging)
You don't have any stones to cast with.
Casting: Sandblast (safe; 21% risk of failure)
Confirm with . or Enter, or press ? or * to list all spells.
Aiming: Sandblast (safe; 21% risk of failure)
Press: ? - help, Shift-Dir - straight line, f/p - giant cockroach
Aim: a giant cockroach (heavily wounded, clinging)
You don't have any stones to cast with.
You are too injured to fight recklessly!
You are too injured to fight recklessly!
You hit the giant cockroach.
The giant cockroach is severely wounded.
The giant cockroach misses you.
You hit the giant cockroach.
The giant cockroach is almost dead.
The giant cockroach bites you.
You hit the giant cockroach but do no damage.
The giant cockroach is almost dead.
The giant cockroach misses you.
The giant cockroach bites you but does no damage.
You hit the giant cockroach but do no damage.
The giant cockroach is almost dead.
The giant cockroach bites you.
* * * LOW HITPOINT WARNING * * *
You hit the giant cockroach.
You kill the giant cockroach!
You hit the rat.
The rat is severely wounded.
The rat closely misses you.
You hit the rat but do no damage.
The rat is severely wounded.
The rat barely misses you.
You hit the rat but do no damage.
The rat is severely wounded.
The rat closely misses you.
You hit the rat but do no damage.
The rat is severely wounded.
The rat bites you.
* * * LOW HITPOINT WARNING * * *
You hit the rat but do no damage.
The rat is severely wounded.
The rat bites you but does no damage.
You closely miss the rat.
The rat is severely wounded.
The rat bites you but does no damage.
You barely miss the rat.
The rat is moderately wounded.
The rat bites you.
You die...

#### ##..# ##...# ### .
.....# #.. .. ...#.# #.#
########.## ..##.# #.#
#.........> ####.# #.#
#........# #
#.#######.######........##
####............@r.........?.
.....####.##.##.###$.......##
###### #.##.##.# #........#
#.##..... #........#
#.#####.#.##....##.# #.#
#.......#..# .. #.. ...
###...... . ### ##. #....##


You could see a rat.

Vanquished Creatures
  A giant cockroach (D:1)
1 creature vanquished.

Notes
Turn   | Place    | Note
-------+----------+-------------------------------------------
     0 | D:1      | FessEmpty the Demonspawn Wanderer began the quest for the
                  | Orb.
     0 | D:1      | FessEmpty set off with the following items: a +0 dagger, a
                  | +0 robe, a +0 shield, a ration; and the following spell
                  | memorised: Sandblast; and the following spells available to
                  | memorise: Stone Arrow
     0 | D:1      | Reached XP level 1. HP: 16/16 MP: 4/4
    91 | D:1      | Slain by a rat

Levels and vault maps discovered:
D:1:      evilmike_arrival_crescent, layout_loops_cross, kennysheep_nondescript

Action                   || total
-------------------------++-------
Melee: Dagger            ||    31
Armor: Robe              ||     8
Dodge: Dodged            ||    19
Block: Shield            ||     4
